 Dungeon Crawl Stone Soup version 0.25-a0-942-g87a53962fc (webtiles) character file.

Game seed: 6791102103416500460, levelgen mode: deterministic

3896 kae the Cleaver (level 10, 0/80 HPs)
             Began as a Demonspawn Fighter on May 7, 2020.
             Was a Believer of Qazlal.
             Killed by vampiric draining
             ... invoked by a vampire
              (2 damage)
             ... on level 9 of the Dungeon.
             The game lasted 00:08:38 (8096 turns).

kae the Cleaver (Demonspawn Fighter)                Turns: 8096, Time: 00:08:39

Health: 0/80       AC: 15    Str: 18    XL:     10   Next: 0%
Magic:  15/15      EV:  2    Int: 10    God:    Qazlal [**....]
Gold:   304        SH: 12    Dex: 14    Spells: 9/9 levels left

rFire    + . .     SeeInvis .   a - +0 war axe
rCold    + . .     Gourm    .   c - +0 kite shield
rNeg     . . .     Faith    .   v - +0 plate armour
rPois    .         Spirit   .   q - +2 helmet
rElec    .         Reflect  .   (no cloak)
rCorr    .         Harm     .   p - +0 pair of gloves
MR       .....                  (no boots)
Stlth    ..........             (no amulet)
HPRegen  0.23/turn              x - ring of protection from cold
MPRegen  0.14/turn              t - ring of protection from fire

@: no status effects
A: talons 1, powered by death 2
a: Upheaval, Renounce Religion


You were on level 9 of the Dungeon.
You worshipped Qazlal.
Qazlal was pleased with you.
You were very hungry.

You visited 1 branch of the dungeon, and saw 9 of its levels.

You collected 425 gold pieces.
You spent 121 gold pieces at shops.

Inventory:

Hand Weapons
 a - a +0 war axe (weapon)
Armour
 b - a +0 scale mail
 c - a +0 kite shield (worn)
 p - a +0 pair of gloves (worn)
 q - a +2 helmet (worn)
 v - a +0 plate armour (worn)
Jewellery
 d - a +6 ring of intelligence
 j - an uncursed ring of protection from magic
 t - a ring of protection from fire (right hand)
 x - a ring of protection from cold (left hand)
 y - an uncursed amulet of guardian spirit
 D - a cursed ring of teleportation {unknown}
 F - a +4 ring of dexterity {unknown}
 J - an uncursed ring of stealth {unknown}
Wands
 u - a wand of polymorph (5)
 A - a wand of flame (25)
Scrolls
 g - 6 scrolls of identify
 h - 2 scrolls of immolation
 i - 4 scrolls of teleportation
 k - 5 scrolls of remove curse
 w - a scroll of amnesia
 B - a scroll of blinking
 G - a scroll of fog {unknown}
 I - a scroll of noise {unknown}
 L - a scroll of torment {unknown}
Potions
 e - a potion of haste
 m - 5 potions of flight
 n - 4 potions of curing
 o - 6 potions of stabbing
 r - 2 potions of heal wounds
 s - a potion of invisibility
 z - a potion of berserk rage {unknown}
 C - a potion of might
 E - 2 potions of degeneration
 H - a potion of brilliance
Comestibles
 f - 15 rations


   Skills:
 + Level 8.2 Fighting
 * Level 10.1 Axes
 - Level 2.6 Armour
 - Level 2.6 Shields
 + Level 7.3 Invocations


You had 9 spell levels left.
You didn't know any spells.
Your spell library contained the following spells:

 Spells                   Type           Power        Failure   Level  Hunger
 Magic Dart               Conj           #...         100%        1    ##.....
 Searing Ray              Conj           #.....       100%        2    ###....
 Dazzling Flash           Conj/Hex       #.....       100%        3    ####...
 Fulminant Prism          Conj/Hex       #.........   100%        4    #####..
 Iskenderun's Mystic Bla  Conj/Tloc      #.......     100%        4    #####..


Dungeon Overview and Level Annotations

Branches:
Dungeon (9/15)             Temple (0/1) D:6
   Lair: D:8-11         Orc: D:9-12

Altars:
Dithmenos
Elyvilon
Kikubaaqudgha
Nemelex Xobeh
Okawaru
Qazlal
Ru
Sif Muna
Vehumet
Yredelemnul

Shops:
D:4 *

Annotations:
D:4 1 runed translucent door, exclusion: upstairs


Innate Abilities, Weirdness & Mutations

You have sharp toenails.
You regenerate health from kills.


Message History

You're too confused to move!
Something hits you but does no damage. Something bites you.
* * * LOW HITPOINT WARNING * * *
Something draws strength from your injuries!
You feel better. Something hits you but does no damage. Something bites you!
* * * LOW HITPOINT WARNING * * *
Something draws strength from your injuries!
You miss something. You claw something. Something hits you.
* * * LOW HITPOINT WARNING * * *
Something bites you but does no damage.
Your shield and plate armour prevent you from hitting something.
Something hits you but does no damage. You block something's attack.
You hit something but do no damage. Something hits you but does no damage.
Something bites you but does no damage.
You closely miss something. You claw something.
Something hits you but does no damage. Something bites you but does no damage.
You hit something. You claw something.
Unholy energy fills the air.
* * * LOW HITPOINT WARNING * * *
Unholy energy fills the air.
You die...

#.......... .....#
#.
###.........#####..#
#. ............#
#..# #.
............# #..#
#. ............#
#..####.
............#
#>....).
............#
#.......
.......{....#
#..#####
.......@.((.#####..#
#
...........(.>.....#
#
...................#
#
............#####..#
# ###..#####..# #..#
# #.. #..# #..# # #.
#..# #..# # #. #..#
#..# # #..# ..#


There were no monsters in sight!

Vanquished Creatures
  A cyclops (D:9)
  A hippogriff (D:8)
  A wyvern (D:6)
  Eustachio (D:4)
  2 black bears
  2 orc warriors (D:8)
  An ice beast (D:8)
  A phantom (D:4)
  2 ogres (D:8)
  3 centaurs
  2 bullfrogs
  Blork the orc (D:4)
  A wyvern zombie (D:7)
  3 scorpions
  3 wights (D:9)
  4 howler monkeys
  A bullfrog zombie (D:4)
  A jelly (D:8)
  3 crimson imps
  A centaur zombie (D:8)
  A quasit (D:7)
  2 bullfrog skeletons
  A hound (D:9)
  9 orc priests
  11 orc wizards
  4 iguanas
  7 worker ants
  A hound skeleton (D:6)
  3 worker ant zombies
  3 adders
  2 shadow imps (D:6)
  An ooze (D:1)
  2 adder skeletons
  2 worms
  2 dart slugs
  8 leopard geckos
  26 orcs
  3 ball pythons
  6 giant cockroaches
  7 goblins
  4 hobgoblins
  5 jackals
  4 kobolds
  4 quokkas
  8 bats
  A frilled lizard (D:1)
  A goblin zombie (D:4)
  2 leopard gecko zombies (D:4)
  2 quokka skeletons (D:4)
  A quokka zombie (D:5)
  3 rats
171 creatures vanquished.

Vanquished Creatures (collateral kills)
  2 wights (D:9)
2 creatures vanquished.

Grand Total: 173 creatures vanquished

Notes
Turn   | Place    | Note
-------+----------+-------------------------------------------
     0 | D:1      | kae the Demonspawn Fighter began the quest for the Orb.
     0 | D:1      | Reached XP level 1. HP: 18/18 MP: 1/1
   128 | D:1      | Reached skill level 2 in Axes
   152 | D:1      | Gained mutation: You regenerate a little health from kills.
                  | [demonic ancestry]
   152 | D:1      | Reached XP level 2. HP: 23/24 MP: 2/2
   756 | D:2      | Found a faded altar of an unknown god.
   775 | D:2      | Reached XP level 3. HP: 29/29 MP: 3/3
   907 | D:2      | Reached skill level 3 in Axes
  1026 | D:2      | Found a shadowy altar of Dithmenos.
  1327 | D:3      | Found an ancient bone altar of Kikubaaqudgha.
  1332 | D:3      | Found a sparkling altar of Nemelex Xobeh.
  1602 | D:3      | Reached XP level 4. HP: 37/37 MP: 4/4
  1846 | D:3      | Reached skill level 4 in Axes
  2002 | D:3      | Reached XP level 5. HP: 37/42 MP: 5/5
  2244 | D:4      | Noticed Blork the orc
  2254 | D:4      | Killed Blork the orc
  2433 | D:4      | Gained mutation: You regenerate health from kills. [demonic
                  | ancestry]
  2433 | D:4      | Reached XP level 6. HP: 35/49 MP: 6/6
  2487 | D:4      | Reached skill level 5 in Axes
  2668 | D:4      | Reached skill level 5 in Fighting
  2669 | D:4      | Found a runed translucent door.
  2669 | D:4      | Noticed a human
  2794 | D:4      | Found a basalt altar of Yredelemnul.
  2872 | D:4      | Noticed Eustachio
  2896 | D:4      | Killed Eustachio
  2896 | D:4      | Reached skill level 6 in Axes
  2896 | D:4      | Gained mutation: You have sharp toenails. [demonic
                  | ancestry]
  2896 | D:4      | Reached XP level 7. HP: 45/56 MP: 7/7
  3595 | D:4      | Found Dere's General Store.
  3598 | D:4      | Bought 2 potions of curing for 66 gold pieces
  3598 | D:4      | Bought a potion of heal wounds for 55 gold pieces
  3671 | D:3      | Found a sacrificial altar of Ru.
  3671 | D:3      | Found a stormy altar of Qazlal.
  3682 | D:3      | Became a worshipper of Qazlal Stormbringer
  3748 | D:5      | Entered Level 5 of the Dungeon
  3758 | D:5      | Found an iron altar of Okawaru.
  3884 | D:5      | Reached skill level 1 in Invocations
  4174 | D:5      | Reached skill level 7 in Axes
  4494 | D:6      | Reached XP level 8. HP: 64/64 MP: 9/9
  4511 | D:6      | Found a staircase to the Ecumenical Temple.
  4566 | D:6      | Found a white marble altar of Elyvilon.
  5445 | D:6      | Found a basalt altar of Yredelemnul.
  5687 | D:7      | Found a radiant altar of Vehumet.
  5833 | D:7      | Reached skill level 8 in Axes
  5912 | D:7      | Reached * piety under Qazlal
  6416 | D:8      | Reached XP level 9. HP: 72/72 MP: 12/12
  6424 | D:8      | Reached skill level 5 in Invocations
  6884 | D:8      | Reached skill level 9 in Axes
  7120 | D:9      | Reached ** piety under Qazlal
  7635 | D:9      | Found a shimmering blue altar of Sif Muna.
  7809 | D:9      | Noticed a cyclops
  7824 | D:9      | Killed a cyclops
  7824 | D:9      | Reached skill level 10 in Axes
  7824 | D:9      | Reached XP level 10. HP: 32/80 MP: 15/15
  8095 | D:9      | HP: 2/80 [something/vampiric draining (11)]
  8096 | D:9      | Killed from afar by a vampire

Levels and vault maps discovered:
D:1:      tarquinn_simple_flora_water_a, layout_basic
D:2:      layout_rooms, nicolae_overflow_crystal_walls, first_ration,
          chequers_ecumenical_altar_island, serial_glass, glass_columns_b,
          glass_columns_a, glass_columns_a, glass_columns_c, glass_columns_b,
          glass_columns_c
D:3:      layout_loops_ring, nicolae_overflow_hidden_temple, fountainhead
D:4:      layout_basic, serial_undead, serial_undead_e, serial_undead_b,
          serial_undead_b, serial_undead_e, serial_shops, shop,
          dk_yredelemnul_ordeal, uniq_eustachio, uniq_blork_the_orc
D:5:      layout_cave_pools, okawaru_gym_becter, grunt_ministairs_3,
          serial_bayou_pond_d
D:6:      layout_basic, elyvilon_altar_5, lemuel_coloured_pillars_altar,
          minmay_temple_entry_mist
D:7:      layout_gridville, vehumet_crystals, minmay_misc_feat_square
D:8:      layout_gridville
D:9:      layout_small_grid, old_standard_altar, serial_shops, shop

Skill      XL: |  1  2  3  4  5  6  7  8  9 |
---------------+----------------------------+-----
Axes           | 2 3 4 6 7 8 10 | 10.1
Fighting       | 4 5 6 7 8 |  8.2
Invocations    | 1 4 7 |  7.3
Armour         | |  2.6
Shields        | |  2.6

Action                   |  1- 3 |  4- 6 |  7- 9 | 10-12 || total
-------------------------+-------+-------+-------+-------++-------
Melee: War axe           |   140 |   140 |   418 |    17 ||   715
       Kick              |       |       |   121 |     6 ||   127
Evoke: Wand              |       |       |     1 |       ||     1
  Use: Potion            |       |     2 |       |     1 ||     3
       Scroll            |       |       |    13 |       ||    13
 Stab: Distracted        |       |       |     1 |       ||     1
  Eat: Chunk             |     2 |     5 |    16 |       ||    23
Armor: Scale mail        |    95 |    62 |    21 |       ||   178
       Plate armour      |       |       |   242 |    25 ||   267
Dodge: Dodged            |    38 |    43 |    42 |       ||   123
Block: Kite shield       |    86 |    66 |   181 |     9 ||   342

Table legend:
 A = Non-vault XP
 B = Vault XP
 C = Vault XP percentage of total XP
 D = Non-vault monster count
 E = Vault monster count
 F = Vault count percentage of total count
                 A         B        C        D         E       F
            +---------+---------+-------+---------+---------+-------
      Total |    5072 |     495 |   8.9 |     159 |      14 |   8.1
            +---------+---------+-------+---------+---------+-------
        D:1 |      39 |       0 |   0.0 |      18 |       0 |   0.0
        D:2 |      25 |       0 |   0.0 |      12 |       0 |   0.0
        D:3 |     175 |       0 |   0.0 |      22 |       0 |   0.0
        D:4 |     528 |     406 |  43.5 |      22 |      10 |  31.2
        D:5 |     158 |      89 |  36.0 |       7 |       4 |  36.4
        D:6 |     605 |       0 |   0.0 |      16 |       0 |   0.0
        D:7 |     442 |       0 |   0.0 |      14 |       0 |   0.0
        D:8 |    1730 |       0 |   0.0 |      31 |       0 |   0.0
        D:9 |    1370 |       0 |   0.0 |      17 |       0 |   0.0
            +---------+---------+-------+---------+---------+-------
